 Dungeon Crawl Stone Soup version 0.24.0-37-gcf1ca852f1 (webtiles) character file.

Game seed: 3250141107545452991, levelgen mode: deterministic

135 McKennaii the Skirmisher (level 4, -1/35 HPs)
             Began as a Demonspawn Fighter on Nov 26, 2019.
             Slain by Sigmund
             ... wielding a +0 scythe
              (5 damage)
             ... on level 2 of the Dungeon.
             The game lasted 00:03:10 (1945 turns).

McKennaii the Skirmisher (Demonspawn Fighter)       Turns: 1945, Time: 00:03:11

Health: -1/35      AC: 13    Str: 18    XL:     4   Next: 97%
Magic:  4/4        EV:  5    Int:  9    God:
Gold:   114        SH:  9    Dex: 12    Spells: 3/3 levels left

rFire    . . .     SeeInvis .   a - +0 war axe
rCold    . . .     Gourm    .   c - +0 shield
rNeg     . . .     Faith    .   m - +0 chain mail
rPois    .         Spirit   .   o - +0 helmet
rElec    .         Reflect  .   (no cloak)
rCorr    .         Harm     .   i - +0 pair of gloves
MR       .....                  (no boots)
Stlth    ..........             (no amulet)
HPRegen  0.11/turn              (no ring)
MPRegen  0.09/turn              (no ring)

@: no status effects
A: hooves 2, molten scales 1
a: no special abilities


You were on level 2 of the Dungeon.
You were hungry.

You visited 1 branch of the dungeon, and saw 2 of its levels.

You collected 114 gold pieces.

Inventory:

Hand Weapons
 a - a +0 war axe (weapon)
Armour
 c - a +0 shield (worn)
 i - a +0 pair of gloves (worn)
 m - a +0 chain mail (worn)
 o - a +0 helmet (worn)
Scrolls
 b - a scroll of identify {unknown}
 e - 2 scrolls of magic mapping {unknown}
 g - a scroll of blinking {unknown}
 k - a scroll of teleportation {unknown}
Potions
 d - a potion of might
 j - a potion of flight
Comestibles
 f - 3 rations


   Skills:
 + Level 3.5 Fighting
 + Level 3.1 Axes
 + Level 3.2 Armour
 + Level 0.7 Dodging
 + Level 3.4 Shields


You had 3 spell levels left.
You didn't know any spells.
Your spell library was empty.

Dungeon Overview and Level Annotations

Branches:
Dungeon (2/15)

Altars:
Wu Jian
Xom

Annotations:
D:2 Sigmund


Innate Abilities, Weirdness & Mutations

You have hoof-like feet.
You are partially covered in molten scales. (AC +2)


Message History

Something hits you but does no damage.
You miss something. Something hits you.
* * * LOW HITPOINT WARNING * * *
Your chain mail prevents you from hitting something.
You hear some strange, mumbled words.
A puff of flame appears from out of thin air!
The puff of flame hits you!
* * * LOW HITPOINT WARNING * * *
It was a potion of curing.
You feel better. Something hits you but does no damage.
You miss something. You kick something. Something hits you.
* * * LOW HITPOINT WARNING * * *
You barely miss something. Something hits you but does no damage.
You barely miss something. You kick something.
Something hits you but does no damage.
You miss something. You block something's attack.
You closely miss something. Your kick misses something. Something hits you.
* * * LOW HITPOINT WARNING * * *
You miss something. You kick something. Something hits you.
You die...

############ ##
#...@{...... .#
#.###########.# #.# #.# #.#
#.# ####.###########.#
#................#
##########.##.###...####..#
...........##.# #.#.# #..#
.############.###.#.#
#..#######


There were no monsters in sight!

Vanquished Creatures
  Terence (D:2)
  Natasha (D:2)
  Robin (D:2)
  An adder (D:2)
  2 dart slugs (D:1)
  3 leopard geckos
  2 giant cockroaches (D:1)
  16 goblins
  5 hobgoblins
  3 jackals (D:1)
  6 bats
  4 frilled lizards (D:1)
  7 kobolds
  5 rats
57 creatures vanquished.

Notes
Turn   | Place    | Note
-------+----------+-------------------------------------------
     0 | D:1      | McKennaii the Demonspawn Fighter began the quest for the
                  | Orb.
     0 | D:1      | Reached XP level 1. HP: 18/18 MP: 1/1
   164 | D:1      | Gained mutation: You have large cloven feet. [demonic
                  | ancestry]
   164 | D:1      | Reached XP level 2. HP: 7/24 MP: 2/2
   711 | D:1      | Gained mutation: You are partially covered in molten
                  | scales. (AC +2) [demonic ancestry]
   711 | D:1      | Reached XP level 3. HP: 29/29 MP: 3/3
  1173 | D:2      | Found a shimmering altar of Xom.
  1563 | D:2      | Noticed Robin
  1574 | D:2      | Gained mutation: You have hoof-like feet. [demonic
                  | ancestry]
  1574 | D:2      | Reached XP level 4. HP: 16/35 MP: 4/4
  1585 | D:2      | Killed Robin
  1646 | D:2      | Noticed Terence
  1697 | D:2      | Killed Terence
  1786 | D:2      | Noticed Natasha
  1793 | D:2      | Killed Natasha
  1844 | D:2      | Found an ornate altar of the Wu Jian Council.
  1908 | D:2      | Noticed Sigmund
  1945 | D:2      | Slain by Sigmund

Levels and vault maps discovered:
D:1:      nzn_arrival_water_spiral, layout_basic, minmay_vboxes
D:2:      layout_loops_ring, lemuel_crystal_altar,
          nicolae_overflow_hidden_temple, uniq_robin, uniq_natasha,
          uniq_sigmund, uniq_terence

Skill      XL: |  1  2  3  4 |
---------------+-------------+-----
Axes           | 2 3 |  3.1
Armour         | 3 |  3.2
Shields        | 3 |  3.4
Fighting       | |  3.5
Dodging        | |  0.7

Action                   |  1- 3 |  4- 6 || total
-------------------------+-------+-------++-------
Melee: War axe           |   143 |    48 ||   191
       Kick              |    27 |    10 ||    37
  Use: Potion            |       |     4 ||     4
  Eat: Chunk             |     2 |     1 ||     3
Armor: Scale mail        |    57 |       ||    57
       Chain mail        |    39 |    33 ||    72
Dodge: Dodged            |    41 |     6 ||    47
Block: Shield            |    73 |    18 ||    91
